 Dungeon Crawl Stone Soup version 0.26-a0-631-ged93497179 (webtiles) character file.

Game seed: 10036428422411918840

61 ANON1729 the Skirmisher (level 4, 0/40 HPs)
             Began as a Hill Orc Fighter on Sept 13, 2020.
             Succumbed to an adder's poison
             ... on level 1 of the Dungeon.
             The game lasted 00:01:13 (945 turns).

ANON1729 the Skirmisher (Hill Orc Fighter)           Turns: 945, Time: 00:01:14

Health: 0/40       AC:  7    Str: 19    XL:     4   Next: 7%
Magic:  4/4        EV:  7    Int:  8    God:
Gold:   21         SH:  9    Dex: 10    Spells: 3/3 levels left

rFire    . . .     SeeInvis .   a - +0 war axe
rCold    . . .     Faith    .   c - +0 kite shield
rNeg     . . .     Spirit   .   b - +0 scale mail
rPois    .         Reflect  .   (no helmet)
rElec    .         Harm     .   (no cloak)
rCorr    .         Rampage  .   (no gloves)
MR       .....                  (no boots)
Stlth    ..........             k - amulet of the acrobat
HPRegen  0.13/turn              (no ring)
MPRegen  0.09/turn              (no ring)

@: lethally poisoned (0 -> -5)
A: no striking features
a: no special abilities


You were on level 1 of the Dungeon.
You visited 1 branch of the dungeon, and saw 2 of its levels.

You collected 21 gold pieces.

Inventory:

Hand Weapons
 a - a +0 war axe (weapon)
Armour
 b - a +0 scale mail (worn)
 c - a +0 kite shield (worn)
Jewellery
 k - an amulet of the acrobat (around neck)
Scrolls
 e - a scroll of blinking {unknown}
 f - a scroll of enchant armour {unknown}
 h - a scroll of remove curse {unknown}
 j - 3 scrolls of identify {unknown}
Potions
 d - 2 potions of might
 g - 2 potions of flight {unknown}
 i - a potion of curing {unknown}


   Skills:
 + Level 4.2 Fighting
 + Level 3.6 Axes
 + Level 3.8 Armour
 + Level 3.9 Shields


You had 3 spell levels left.
You didn't know any spells.
Your spell library was empty.

Dungeon Overview and Level Annotations

Branches:
Dungeon (2/15)

Altars:

Annotations:
D:2 Natasha


Message History

* * * LOW HITPOINT WARNING * * *
You feel sick. The adder barely misses you. You block the adder's attack.
You closely miss the adder.
The adder is moderately wounded.
* * * LOW HITPOINT WARNING * * *
You feel sick. The adder bites you but does no damage.
You closely miss the adder.
The adder is moderately wounded.
* * * LOW HITPOINT WARNING * * *
You feel sick. The adder bites you.
* * * LOW HITPOINT WARNING * * *
You block the adder's attack.
You miss the adder.
The adder is moderately wounded.
The adder bites you.
* * * LOW HITPOINT WARNING * * *
You block the adder's attack.
You miss the adder.
The adder is moderately wounded.
You die...

# #.#............#
##########.#.#.#.########
##....(..#.#.#.[.#
##.......#.#.##..#
.........'.#.##..#
.........###.....# .........#
####..# ....).(..# ##.######
....))...# #@S....# .........#
#.####.####### ##.......#
#.####.......##
##....##########......#####..#
................####### ##.##
##....#########.# ###...###
#....# #.# ####...#...# #....#
#.# ###....#####..
##....#########.# ##...####
###


You could see an adder.

Vanquished Creatures
  2 adders (D:2)
  A worm (D:2)
  A dart slug (D:1)
  A leopard gecko (D:1)
  7 bats
  A giant cockroach (D:1)
  5 goblins
  7 hobgoblins
  A quokka (D:2)
  2 frilled lizards
  5 kobolds
  3 rats (D:1)
36 creatures vanquished.

Notes
Turn   | Place    | Note
-------+----------+-------------------------------------------
     0 | D:1      | ANON1729 the Hill Orc Fighter began the quest for the Orb.
     0 | D:1      | Reached XP level 1. HP: 19/19 MP: 1/1
   131 | D:1      | Reached XP level 2. HP: 25/27 MP: 2/2
   479 | D:1      | Reached skill level 4 in Fighting
   657 | D:1      | Reached XP level 3. HP: 33/33 MP: 3/3
   898 | D:2      | Reached XP level 4. HP: 28/40 MP: 4/4
   913 | D:2      | Noticed Natasha
   943 | D:1      | HP: 2/40 [adder (1)]
   945 | D:1      | Succumbed to an adder's poison

Illustrated notes

Levels and vault maps discovered:
D:1:      minmay_arrival_split_and_join, layout_basic, minivault_23
D:2:      layout_rooms, lemuel_zombie_altar_kikubaaqudgha, lemuel_doored_altar,
          hex_large, uniq_sigmund, uniq_natasha

Skill      XL: |  1  2 |
---------------+-------+-----
Axes           | 3 |  3.6
Fighting       | 4 |  4.2
Armour         | |  3.8
Shields        | |  3.9

Action                   |  1- 3 |  4- 6 || total
-------------------------+-------+-------++-------
Melee: War axe           |   103 |    18 ||   121
Armor: Scale mail        |    50 |    18 ||    68
Dodge: Dodged            |    30 |    12 ||    42
Block: Kite shield       |    59 |    17 ||    76

Table legend: (Time is in decaauts)
 A = Elapsed time spent in this place.
 B = Non-inter-level travel time spent in this place.
 C = Inter-level travel time spent in this place.
 D = Time resting spent in this place.
 E = Time spent auto-exploring this place.
 F = Levels seen in this place.
 G = Mean time per level.
                   A        B        C        D        E       F      G
               +--------+--------+--------+--------+--------+-----+--------+
         Total |    995 |    968 |     27 |    171 |    508 |   2 |  497.5 |
       Dungeon |    995 |    968 |     27 |    171 |    508 |   2 |  497.5 |
               +--------+--------+--------+--------+--------+-----+--------+

Top non-repeatable levels by time:
     D:1: 887 daAuts
     D:2: 107 daAuts
